 Dungeon Crawl Stone Soup version 0.17-a0-1181-gabc46e6 (webtiles) character file.

2586 lemaitre the Basher (level 9, -3/106 HPs)
             Began as an Ogre Fighter on May 31, 2015.
             Was a Follower of Okawaru.
             Killed themself with a badly aimed fireball (7 damage)
             ... on level 8 of the Dungeon.
             The game lasted 00:08:23 (7558 turns).

lemaitre the Basher (Ogre Fighter)                  Turns: 7558, Time: 00:08:23

Health: -3/106     AC:  8    Str: 26    XL:     9   Next: 58%
Magic:  9/9        EV: 10    Int:  7    God:    Okawaru [*.....]
Gold:   417        SH:  0    Dex:  8    Spells: 0 memorised, 8 levels left

rFire  . . .     SeeInvis +     h - +0 giant club
rCold  . . .     Clarity  .     b - +0 robe
rNeg   . . .     SustAt   .     (no shield)
rPois  .         Gourm    .     (helmet restricted)
rElec  .         Spirit   .     r - +0 cloak
rCorr  .         Warding  .     (gloves unavailable)
rMut   .         Stasis   .     (boots unavailable)
MR     .....                    (no amulet)
Stlth  +.........               (no ring)
                                k - ring of see invisible

@: lethally poisoned (-3 -> -4), not resistant to hostile enchantments, very
unstealthy
A: unfitting armour, horns 1, rough black scales 1, robust 1, tough skin 1
a: Heroism, Renounce Religion


You were on level 8 of the Dungeon.
You worshipped Okawaru.
Okawaru was aware of your devotion.
You were hungry.

You visited 2 branches of the dungeon, and saw 9 of its levels.

You collected 417 gold pieces.

Inventory:

Hand weapons
 h - a +0 giant club (weapon)
 p - a +0 giant club
Missiles
 g - 6 silver tomahawks (quivered)
Armour
 b - a +0 robe (worn)
 r - a +0 cloak (worn)
Jewellery
 k - a ring of see invisible (left hand)
 s - an uncursed ring of teleport control
 w - an uncursed ring of wizardry
Magical devices
 v - a wand of random effects (33)
Scrolls
 f - 5 scrolls of remove curse
 l - 11 scrolls of identify
 u - a scroll of fog
Potions
 i - a potion of poison
 m - a potion of might
 q - a potion of cure mutation {unknown}
 t - a potion of haste {unknown}
 x - a potion of brilliance {unknown}
Comestibles
 d - 3 meat rations
 e - 10 bread rations
 j - a beef jerky


   Skills:
 + Level 8.9 Fighting
 + Level 14.1 Maces & Flails
 - Level 2.6 Dodging
   Level 2.6 Shields


You had 8 spell levels left.
You didn't know any spells.

Dungeon Overview and Level Annotations

Branches:
Dungeon (8/15)             Temple (1/1) D:6
   Lair: D:8-11

Altars:
Ashenzari
Cheibriados
Dithmenos
Elyvilon
Fedhas
Gozag
Kikubaaqudgha
Makhleb
Nemelex Xobeh
Okawaru
Qazlal
Ru
Sif Muna
Trog
Vehumet
Xom
Yredelemnul
Zin
The Shining One


Innate Abilities, Weirdness & Mutations

You are too large for most types of armour.
You have tough skin (AC +1).
You have a pair of small horns on your head.
You are partially covered in rough black scales (AC +4, Dex -1).
You are robust (+10% HP).


Message History

You hear a mighty clap of thunder!
The bolt of lightning misses the killer bee.
The bolt of lightning hits the killer bee.
The killer bee is almost dead.
The bolt of lightning hits the scorpion.
The scorpion is heavily wounded.
Evoking this partially-identified wand wasted a few charges.
You hear an angry growl.
The killer bee stings you.
* * * LOW HITPOINT WARNING * * *
The killer bee stings you!
* * * LOW HITPOINT WARNING * * *
Evoke which item? (* to show all) (? for menu, Esc to quit)
Zapping:
v - a wand of random effects {zapped: 2} (will waste charges)
Press: ? - help, Shift-Dir - straight line, f/p - killer bee
Aim: a killer bee The fireball explodes!
The fireball engulfs the killer bee.
The killer bee is severely wounded.
The fireball engulfs you!
You die...

..... #..# ....... #..##
##+#.....# .. #...+
+..#.....# ....+... ..+
s...+ ##....#..# #.# ....###
......#..###.#####a###.....#
..... +..+......@yysy'.....+
..... #.###.#######a.#...$.#
.#+####'## #.##.+#.....#
.#..#....# #..y.#y....#.
.'..'....# #.##..†.....'..
.##+###'## #. #..#†...<#..
......#.############.#.....#
.
......+............y.#.....#
......#..............+.....+


You could see 2 soldier ants, a scorpion and 3 killer bees.

Vanquished Creatures
  A hippogriff (D:7)
  Menkaure (D:5)
  A water moccasin (D:5)
  A necrophage (D:8)
  An orc warrior (D:7)
  A spider (D:8)
  An ice beast (D:8)
  A sky beast (D:5)
  2 centaurs
  2 ogres
  A giant frog (D:6)
  2 scorpions
  2 electric eels (D:7)
  A hound (D:6)
  2 crimson imps
  2 giant frog zombies
  A centaur skeleton (D:3)
  2 jellies (D:5)
  Crazy Yiuf (D:3)
  8 orc wizards
  3 worker ants
  8 orc priests
  2 giant frog skeletons (D:4)
  2 iguanas (D:5)
  Robin (D:3)
  6 gnolls
  6 adders
  2 oozes
  An adder skeleton (D:5)
  3 worms (D:2)
  3 giant geckos
  19 orcs
  A bat zombie (D:5)
  7 giant cockroaches
  16 hobgoblins
  16 jackals
  15 kobolds
  3 quokkas
  2 ball pythons
  11 bats
  A giant gecko skeleton (D:5)
  7 giant newts
  25 goblins
  A jackal skeleton (D:5)
  13 rats
208 creatures vanquished.

Vanquished Creatures (others)
  A plant (D:7)
1 creature vanquished.

Grand Total: 209 creatures vanquished

Notes
Turn   | Place    | Note
--------------------------------------------------------------
     0 | D:1      | lemaitre the Ogre Fighter began the quest for the Orb.
     0 | D:1      | Reached XP level 1. HP: 24/24 MP: 1/1
   408 | D:1      | Reached XP level 2. HP: 29/32 MP: 2/2
   761 | D:2      | Reached XP level 3. HP: 39/39 MP: 3/3
   778 | D:2      | Reached skill level 5 in Maces & Flails
  1066 | D:2      | Reached XP level 4. HP: 48/48 MP: 4/4
  1118 | D:2      | Noticed a moth of wrath
  1121 | D:2      | Found a bloodstained altar of Trog.
  1371 | D:2      | Found a glowing silver altar of Zin.
  1625 | D:2      | You fall through a shaft!
  1702 | D:3      | Reached skill level 6 in Maces & Flails
  1980 | D:3      | Noticed Crazy Yiuf
  1991 | D:3      | Killed Crazy Yiuf
  1991 | D:3      | Reached XP level 5. HP: 41/54 MP: 5/5
  2107 | D:3      | Reached skill level 7 in Maces & Flails
  2377 | D:3      | Found a blossoming altar of Fedhas.
  2619 | D:3      | Noticed Robin
  2629 | D:3      | Killed Robin
  3122 | D:4      | Reached skill level 8 in Maces & Flails
  3122 | D:4      | Reached XP level 6. HP: 48/62 MP: 6/6
  3452 | D:4      | Reached skill level 9 in Maces & Flails
  3646 | D:4      | Reached XP level 7. HP: 65/70 MP: 7/7
  3675 | D:4      | Reached skill level 10 in Maces & Flails
  4214 | D:4      | Found a sparkling altar of Nemelex Xobeh.
  4215 | D:4      | Found a stormy altar of Qazlal.
  4215 | D:4      | Found an opulent altar of Gozag.
  4501 | D:5      | Entered Level 5 of the Dungeon
  4506 | D:5      | Reached skill level 11 in Maces & Flails
  4570 | D:5      | Reached XP level 8. HP: 56/79 MP: 8/8
  4597 | D:5      | Reached skill level 5 in Fighting
  4602 | D:5      | HP: 4/80 [centaur (4)]
  4605 | D:5      | Reached skill level 12 in Maces & Flails
  4612 | D:5      | Gained mutation: You are partially covered in rough black scales (AC +4, Dex -1). [mutagenic meat]
  4615 | D:5      | Gained mutation: You have a pair of small horns on your head. [mutagenic meat]
  4618 | D:5      | Gained mutation: You are robust (+10% HP). [mutagenic meat]
  5211 | D:5      | Noticed Menkaure
  5218 | D:5      | Killed Menkaure
  5421 | D:6      | Found a staircase to the Ecumenical Temple.
  5445 | Temple   | Entered the Ecumenical Temple
  5783 | Temple   | Became a worshipper of Warmaster Okawaru
  5918 | D:6      | Reached XP level 9. HP: 89/102 MP: 9/9
  6005 | D:6      | Found an ancient bone altar of Kikubaaqudgha.
  6040 | D:6      | Reached skill level 13 in Maces & Flails
  6563 | D:7      | Acquired Okawaru's first power
  6581 | D:7      | Got an encrusted long sword
  6582 | D:7      | Identified the +5 long sword of Chaos {freeze, rElec Dex+7 SInv} (You found it on level 7 of the Dungeon)
  7522 | D:8      | Reached skill level 14 in Maces & Flails
  7557 | D:8      | HP: 4/106 [killer bee (9)]
  7558 | D:8      | Killed themself with a badly aimed fireball

Vault maps used:
D:1:      lemuel_arrival_funnel, hangedman_decor_points, serial_bayou_lake_a
D:2:      tgw_trog, zin_treasury, first_bread
D:3:      kennysheep_goblin_castle, fedhas_altar_2, minmay_lizard_king,
          uniq_crazy_yiuf_cottage
D:4:      grunt_temple_overflow_open
D:5:      uniq_menkaure
D:6:      kiku_gazebo_garden_becter, minmay_temple_entry_hall
D:7:      serial_bayou, serial_bayou_lagoon_b, serial_bayou_pond_c,
          serial_bayou_pond_d, serial_bayou_pond_d
D:8:      hangedman_pestilent_swarm, corexii_corridor_pit, serial_park_tiny_2,
          uniq_psyche, uniq_erica
Temple:   minmay_temple_forest_path_12

Action                   |  1- 3 |  4- 6 |  7- 9 || total
-------------------------+-------+-------+-------++-------
Melee: Flail             |    61 |   283 |    51 ||   395
       Giant club        |       |       |   235 ||   235
Evoke: Wand              |       |       |     1 ||     1
  Use: Potion            |     1 |     4 |     6 ||    11
       Scroll            |       |     4 |     3 ||     7
 Stab: Distracted        |       |       |     1 ||     1
  Eat: Chunk             |       |     9 |    18 ||    27
